 Dungeon Crawl Stone Soup version 0.28-a0-1513-ge4f4046303 (webtiles) character file.

Game seed: 5239143170530481699

30 Lekart the Skirmisher (level 3, 0/33 HPs)
             Began as a Draconian Abyssal Knight on Jan 16, 2022.
             Was a Believer of Lugonu.
             Slain by Terence (6 damage)
             ... on level 2 of the Dungeon.
             The game lasted 00:01:18 (1943 turns).

Lekart the Skirmisher (Draconian Abyssal Knight)    Turns: 1943, Time: 00:01:19

Health: 0/33       AC:  5    Str: 15    XL:     3   Next: 3%
Magic:  4/4        EV: 12    Int: 10    God:    Lugonu [**....]
Gold:   119        SH:  0    Dex: 13    Spells: 2/2 levels left

rFire   . . .      SeeInvis .   a - +1 falchion
rCold   . . .      Faith    .   (no shield)
rNeg    . . .      Spirit   .   (armour unavailable)
rPois   .          Reflect  .   (helmet restricted)
rElec   .          Harm     .   (no cloak)
rCorr   .          Rampage  .   (no gloves)
Will    .....                   (no boots)
Stlth   +.........              (no amulet)
HPRegen 0.11/turn               (no ring)
MPRegen 0.09/turn               (no ring)

@: mighty
A: AC +5, unfitting armour, cold-blooded
a: Renounce Religion, Depart the Abyss, Bend Space


You were on level 2 of the Dungeon.
You worshipped Lugonu.
Lugonu was pleased with you.
You visited 1 branch of the dungeon, and saw 2 of its levels.
You visited the Abyss 1 time.

You collected 119 gold pieces.

Inventory:

Hand Weapons
 a - a +1 falchion (weapon)
Scrolls
 b - 2 scrolls of magic mapping {unknown}
 c - 5 scrolls of identify {unknown}
 e - 2 scrolls of fog {unknown}
Potions
 g - a potion of degeneration {unknown}


   Skills:
 + Level 3.9 Fighting
 + Level 2.3 Long Blades
 + Level 2.4 Dodging
 * Level 2.3 Invocations


You had 2 spell levels left.
You didn't know any spells.
Your spell library was empty.

Dungeon Overview and Level Annotations

Branches:
Dungeon (2/15)

Altars:
Makhleb

Annotations:
D:2 Terence


Innate Abilities, Weirdness & Mutations

Your plain brown scales are hard. (AC +5)
You cannot fit into any form of body armour.
You are cold-blooded and may be slowed by cold attacks.


Message History

You barely miss Terence.
Terence is lightly wounded.
Terence hits you with a +0 flail!
You hit Terence.
Terence is moderately wounded.
Terence barely misses you.
You hit Terence.
You tail-slap Terence, but do no damage.
You punch Terence, but do no damage.
Terence is heavily wounded.
Terence barely misses you. The goblin hits you with a +0 club.
The goblin barely misses you. Terence hits you with a +0 flail.
You are too injured to fight recklessly!
You are too injured to fight recklessly!
You hit the goblin. Your punch misses the goblin.
The goblin is heavily wounded.
The goblin hits you with a +0 club.
You closely miss the goblin.
Your tail-slap misses the goblin.
The goblin is heavily wounded.
The goblin completely misses you.
You hit the goblin.
You kill the goblin!
Lugonu accepts your kill.
You closely miss Terence.
Terence is heavily wounded.
Terence barely misses you.
You hit Terence.
Terence is severely wounded.
Terence shouts, "Get ready for death!"
Terence barely misses you.
You hit Terence but do no damage.
Your tail-slap misses Terence.
Terence is severely wounded.
Terence hits you but does no damage. Terence hits you with a +0 flail!
* * * LOW HITPOINT WARNING * * *
It was a potion of might.
You feel very mighty all of a sudden. Terence hits you with a +0 flail.
* * * LOW HITPOINT WARNING * * *
It was a potion of curing.
You feel better. Terence hits you with a +0 flail.
You die...

..)......†..........†..........>#
###.#################.#.......#
#.# #..#......# #.# ##.#......#
#.# #.#.##.### #.# ##'#.##.# #.#
######## #....##.## #.#
##......#######....#...#
.........@@........#...#
#......#######....#...# #......#
#....#...# #......# #........#
#......# #........# #......#
##......## #......# #......#
#......# #####.># ##....## ####


You could see Terence.

Vanquished Creatures
  2 ball pythons
  5 endoplasms
  A giant cockroach (D:2)
  4 goblins
  3 hobgoblins
  2 quokkas (D:2)
  2 bats
  5 kobolds
  3 rats
27 creatures vanquished.

Notes
Turn   | Place    | Note
-------+----------+-------------------------------------------
     0 | Abyss:1  | Lekart the Draconian Abyssal Knight began the quest for the
                  | Orb.
     0 | Abyss:1  | Reached XP level 1. HP: 19/19 MP: 2/2
     8 | D:1      | Escaped the Abyss
   399 | D:1      | Reached XP level 2. HP: 20/26 MP: 3/3
  1151 | D:2      | Found a burning altar of Makhleb.
  1483 | D:2      | Reached ** piety under Lugonu
  1913 | D:2      | Reached XP level 3. HP: 33/33 MP: 4/4
  1926 | D:2      | Noticed Terence
  1942 | D:2      | HP: 1/33 [Terence (2)]
  1943 | D:2      | Slain by Terence

Illustrated notes

Levels and vault maps discovered:
D:1:      tarquinn_simple_flora_water_e, layout_loops_corners,
          kennysheep_decorative_pillar, minmay_misc_feat_ornament
D:2:      layout_basic, basic_altar, uniq_terence

Action                   || total
-------------------------++-------
Melee: Falchion          ||    83
       Tailslap          ||     5
       Punch             ||     1
  Use: Potion            ||     2
Armor: Skin              ||    27
Dodge: Dodged            ||    45

Table legend: (Time is in decaauts)
 A = Elapsed time spent in this place.
 B = Non-inter-level travel time spent in this place.
 C = Inter-level travel time spent in this place.
 D = Time resting spent in this place.
 E = Time spent auto-exploring this place.
 F = Levels seen in this place.
 G = Mean time per level.
                   A        B        C        D        E       F      G
               +--------+--------+--------+--------+--------+-----+--------+
         Total |   1958 |   1952 |      6 |      0 |   1736 |   3 |  652.7 |
       Dungeon |   1950 |   1944 |      6 |      0 |   1735 |   2 |  975.0 |
         Abyss |      8 |      8 |      0 |      0 |      1 |   1 |    8.0 |
               +--------+--------+--------+--------+--------+-----+--------+

Top non-repeatable levels by time:
     D:1: 976 daAuts
     D:2: 974 daAuts
 Abyss:1: 8 daAuts
